Map: King's Cove LE

Players

PengWin

  • Race: Zerg Zerg
  • Spawn Location: 11:00

JEROS - Winner!

  • Race: Terran Terran
  • Spawn Location: 5:00

Event: 2019 WCS Summer

VOD

Have the link to the VOD?

Description

Time

  • Played on: July 12, 2019, 7:18 a.m.
  • Length: 5:31

All games in this series

Show
View Real Time Build Order
Export as new Build Order

PengWin Zerg 

Build Orders: Pool First 

Get SALT Encoding   

  12  0:00  Drone  
  13  0:13  Overlord  
  13  0:18  Drone  
  14  0:33  Drone x2  
  16  0:36  Drone  
  16  0:39  Extractor  
  16  0:49  Spawning Pool  
  15  0:52  Drone  
  15  0:56  Drone  
  17  1:19  Hatchery  
  16  1:35  Zergling x2, Drone  
  16  1:36  Zergling x2  
  19  1:42  Queen  
  21  1:51  Metabolic Boost  
  21  2:04  Overlord  
  21  2:11  Zergling x2  
  22  2:22  Queen  
  22  2:26  Drone x2  
  26  2:39  Drone  
  26  2:40  Drone  
  26  2:41  Queen  
  26  2:43  Drone x2  
  31  2:52  Drone x3  
  31  2:53  Drone  
  34  2:58  Overlord  
  34  3:17  Drone x3  
  34  3:18  Drone  
  38  3:23  Hatchery  
  37  3:30  Lair  
  37  3:36  Extractor  
  37  3:37  Extractor  
  35  3:43  Drone  
  35  3:45  Drone  
  35  3:46  Drone x5  
  42  3:53  Baneling Nest  
  41  4:09  Drone x3  
  44  4:11  Overlord  
  44  4:16  Overlord  
  44  4:21  Overlord x2  
  44  4:25  Extractor  
  43  4:32  Zergling x4, Spire  
  43  4:36  Zergling x8  
  48  4:40  Queen  
  48  4:43  Queen  
  43  5:01  Drone x4  
  43  5:02  Drone x3  
  43  5:17  Drone x4  
Show
View Real Time Build Order
Export as new Build Order

JEROS Terran - Winner!

Build Orders: Liberator Opening, Reaper Expand 

Get SALT Encoding   

  12  0:00  SCV  
  13  0:12  SCV  
  14  0:17  Supply Depot  
  14  0:25  SCV  
  15  0:39  Barracks, SCV  
  16  0:44  Refinery  
  16  0:51  SCV  
  17  1:03  SCV  
  18  1:15  SCV  
  19  1:27  Orbital Command, Reaper  
  20  1:43  Command Center  
  20  1:50  Supply Depot  
  20  1:54  SCV  
  20  1:59  Marine  
  22  2:06  SCV  
  23  2:17  Factory  
  23  2:19  SCV  
  23  2:20  Refinery  
  24  2:23  Barracks Reactor  
  24  2:31  SCV  
  25  2:43  SCV  
  25  2:55  SCV  
  26  3:02  Starport  
  26  3:05  Orbital Command  
  26  3:07  Barracks Tech Lab, SCV  
  26  3:08  Hellion x2  
  31  3:19  SCV  
  32  3:29  Hellion x2  
  32  3:31  SCV x2, Supply Depot  
  38  3:39  Viking  
  39  3:43  SCV x2  
  39  3:47  Fusion Core  
  41  3:53  Liberator  
  41  3:55  SCV, Supply Depot  
  41  3:56  SCV  
  41  4:01  Hellion x2  
  47  4:07  SCV  
  47  4:08  SCV  
  52  4:21  SCV  
  52  4:22  Hellion, SCV, Supply Depot  
  52  4:23  Hellion  
  58  4:34  Command Center  
  58  4:38  SCV x2  
  60  4:44  Factory  
  60  4:48  Factory  
  60  4:50  SCV x2  
  62  4:55  Hellion  
  60  5:02  SCV x2  
  60  5:03  Hellion  
  60  5:11  Refinery, Armory  
  60  5:12  Refinery  
  61  5:14  SCV  
  61  5:16  SCV  
  61  5:20  Engineering Bay  
Tags
 
Add a new tag
Caveats
  • Supply blocks, unpowered buildings, or Contaminate may cause inaccurate times.
  • Supply counts are checked every 10 seconds.